[Event "SixDays Budapest March IM A 2025"]
[Site "Budapest"]
[Date "2025.03.25"]
[Round "2.1"]
[White "Ilincic, Zlatko"]
[Black "Nakahara, Kan"]
[Result "1-0"]
[Annotator "TA"]
[ECO "E00"]
[WhiteElo "2251"]
[BlackElo "2113"]
[PlyCount "69"]
[EventDate "2025.03.23"]
[EventCountry "HUN"]
[SourceTitle "playchess.com"]
[Source "ChessBase"]
[SourceQuality "1"]
[TimeControl "5400+30"]

1. d4 Nf6 2. c4 e6 3. a3 b6 4. Nc3 Bb7 5. d5 exd5 6. cxd5 Qe7 {[%emt 0:04:07] A50: Queen's Fianchetto Defence (1 d4 Nf6 2 c4 b6).} (6... Bd6 $11) 7. Bg5 h6 8. Bxf6 Qxf6 {[%emt 0:00:07] White is slightly better.} 9. e3 $146 ({Predecessor:} 9. Nf3 Na6 10. g3 Nc5 11. Bg2 a5 12. O-O Bd6 13. Nd2 O-O 14. Qc2 Be5 15. Rac1 {1-0 Tyomkin,D (2450)-Kogan,A (2515) Czerniak Memorial 13th 1997 (10)}) 9... g5 (9... a5 $14) 10. Nf3 Bg7 11. Bd3 c6 {[%emt 0:03:49] Black is weak on the light squares} 12. Nd4 cxd5 13. O-O O-O (13... Nc6 $142) 14. f4 $16 {[%emt 0:04:57] White sacrificed a pawn} Nc6 $2 {[%emt 0:11:41] [#]} (14... Kh8 $16 {was worth a try.}) 15. Nf5 $2 {[%emt 0:02:20] A dynamic duo of knights.} (15. Nxd5 $18 Qd6 16. Nb5 (16. Nxc6 dxc6 17. Nc3 Rad8 $17)) 15... Ne7 16. fxg5 Qxg5 {[%emt 0:02:26][%csl Od5,Od7,Of7,Oh6] Black has weak pawns. A sharp opening} 17. Qe2 (17. Nxg7 $16 {And now Nf5 would win.} d4 18. Be4) 17... d4 $1 $11 18. Nxd4 ({White should try} 18. h4 $14 Qf6 19. Nxd4 Qxh4 20. Rf4) 18... f5 $2 (18... Bxg2 $1 $15 19. Qxg2 Qxe3+ 20. Kh1 Qxd4 (20... Qxd3 21. Nd5 $11)) 19. Nf3 $16 Qf6 20. Rad1 $36 {[%emt 0:01:17][%mdl 2048] White is really pushing.} Kh8 21. Bb5 d5 ({Better is} 21... Rad8 $14) 22. Ba6 Bc6 23. Nd4 Rad8 24. Rf3 {[%emt 0:03:56][%csl Of5] White attacks a weakness White is much more active.} Bd7 25. Bd3 Qe5 26. Rdf1 (26. Bb5 $16) 26... Rf6 (26... Nc6 $1 $14) 27. Qf2 Rdf8 28. Nce2 Re8 29. Ng3 (29. Bxf5 $2 Nxf5 30. Nxf5 Rxf5 $19 (30... Qxb2 31. Nxg7 Rxf3 32. Qxf3 $14)) 29... Rf7 30. b4 Rc8 (30... f4 $142 31. Rxf4 (31. exf4 $2 {is the wrong capture.} Qxd4 32. Qxd4 Bxd4+ $19) 31... Rxf4 32. Qxf4 Rf8 33. Qxe5 Rxf1+ 34. Kxf1 Bxe5) 31. Bxf5 Nxf5 32. Ngxf5 Rc3 (32... Kh7 $142 33. h3 Rc3) 33. Qh4 Qf6 (33... Bxf5 34. Nxf5 Rc6 35. Nxh6 Rxh6 36. Qd8+ Kh7 37. Rxf7 Qxe3+ 38. R7f2 d4) 34. Qe1 {[%emt 0:01:00] [#]} Rxa3 35. Nxg7 {Weighted Error Value: White=0.34/Black=0.72  Loses game:     	---       	Black=1      Missed win:     	White=1     	---        Mistake:       	White=3     	Black=8      Inaccurate:     	White=2     	Black=3      OK:         	White=8     	Black=7      Best:        	---       	Black=1      Strong:       	---       	Black=1} 1-0

[Event "SixDays Budapest March IM A 2025"]
[Site "Budapest"]
[Date "2025.03.25"]
[Round "2.2"]
[White "Cu, Ivan Travis"]
[Black "Md Imran"]
[Result "1/2-1/2"]
[Annotator "TA"]
[ECO "A04"]
[WhiteElo "2286"]
[BlackElo "2421"]
[PlyCount "129"]
[EventDate "2025.03.23"]
[EventCountry "HUN"]
[SourceTitle "playchess.com"]
[Source "ChessBase"]
[SourceQuality "1"]
[TimeControl "5400+30"]

1. Nf3 f5 2. c4 Nf6 3. Nc3 g6 4. e3 Bg7 5. d4 O-O 6. Be2 d6 7. O-O {[%emt 0:00:23] 7.b4 is the hot move.} Qe8 8. b4 {[%emt 0:01:08][%cal Bb2b4,Bb4b5][%mdl 32] A85: Dutch Defence: 2 c4 Nf6 3 Nc3.} e5 9. dxe5 dxe5 10. Qb3 {[%emt 0:00:19] White is slightly better.} e4 11. Nd4 Nc6 12. Nxc6 $146 (12. Rb1 Be6 13. Nxe6 Qxe6 14. Rd1 Rfd8 15. Bb2 Qf7 16. f4 exf3 17. Bxf3 Rxd1+ 18. Rxd1 {½-½ Baron,M (1950)-Hall,T (1975) WLS MemOrg email 2017 [4]}) 12... Qxc6 13. b5 Qe8 14. Ba3 Rf7 15. Nd5 c6 (15... Nxd5 $11 16. cxd5 Bd7) 16. bxc6 bxc6 17. Nxf6+ Bxf6 18. Rad1 Be6 19. Qa4 Rb8 20. Bb4 Rfb7 21. Bd6 Rd8 22. Ba3 Rc8 23. Rb1 Rd7 24. Rfd1 Be5 25. Bc5 Rdc7 26. Qa5 (26. Bxa7 $2 Ra8 27. Qa5 Bf7 $19 (27... Rcxa7 28. Qxe5 Bf7 29. Qf4 $16) (27... c5 $2 28. Qb6 $19)) 26... Bf7 27. h4 (27. Bxa7 $2 Ra8 28. f4 (28. Rb8 $2 Qxb8 29. Bxb8 Rxa5 $19) 28... exf3 (28... Rcxa7 29. Qxe5 Qxe5 30. fxe5 $11) 29. Bxf3 Raxa7 $19 (29... Rcxa7 $2 30. Qc5 $19)) 27... f4 28. exf4 {[%emt 0:02:28] White has a strong bishop and is better White is much more active.} (28. Bxa7 $2 Ra8 29. exf4 Bxf4 $19 (29... Rcxa7 30. Qxe5 Qxe5 31. fxe5 $14)) 28... Bxf4 29. g3 (29. Bxa7 $2 Ra8 30. g3 Rcxa7 $19) 29... Be5 30. Re1 (30. Bxa7 $2 Ra8 31. a4 (31. Rb8 $2 Qxb8 32. Bxb8 Rxa5 $19) 31... Rcxa7 $19) 30... Qe6 {[%emt 0:07:32] Prevents Bg4} 31. Bf1 Qf5 $1 32. Rbd1 {[%emt 0:04:18][%cal Of1g2] Prevents Bd4.} (32. Bxa7 c5 (32... Bxg3 33. Qxf5 gxf5 34. Bb6 $16) 33. Bb6 Bd4 $17) 32... Bf6 33. Qa3 (33. Bg2 Be7 34. Bb4 Rb7 35. Bxe4 Qxa5 36. Bxa5 Kf8 37. Bd2) 33... Re8 34. Bd4 (34. Bxa7 $2 Be7 (34... Ra8 $2 35. Bh3 $19) 35. Qe3 Rxa7 36. Qxe4 (36. Qxa7 $2 Bc5 $19) 36... Qxe4 (36... Rxa2 $2 37. Qxf5 gxf5 38. Ra1 $19) 37. Rxe4 Rxa2 $19) (34. Be3 Be5 35. Qb3 c5 36. Rd2) 34... Rd7 35. Bxf6 (35. Bxa7 $2 Be7 36. Qe3 Rxa7 37. Qxe4 (37. Qxa7 $2 Bc5 $19) 37... Qf6 $19 (37... Rxa2 $2 38. Qxf5 gxf5 39. Rd4 $19) (37... Qxe4 $2 38. Rxe4 Rxa2 39. Rde1 $19)) (35. Be3 {simplifies} Be7 36. Qc1 Rxd1 37. Rxd1 Bc5 38. Re1) 35... e3 36. fxe3 (36. Qb2 Rb7 37. Qd4 Rd7 38. Qf4) 36... Rxd1 {[%emt 0:00:09] Successful Defense Black} 37. Rxd1 Qxf6 38. Bg2 Qe5 39. Qd6 Qxe3+ 40. Kh2 Bxc4 41. Qxc6 Bxa2 42. Rd7 Re7 43. Qa8+ Kf7 44. Rd1 {[%emt 0:01:00] [#] Intending Rf1+ and mate.} Kg7 45. Rf1 Bf7 46. Rf4 Qc5 47. Ra4 Qc7 48. Qf3 a5 49. Qd3 Qc5 50. Qd2 {[%emt 0:00:27] Prevents Re1.} Re5 51. Qb2 {[%emt 0:00:07] [#]} Kg8 (51... Qb5 $1 $17 52. Qc3 Kg8) 52. Rd4 $1 $11 Qc7 (52... Qe7 {is more complex.} 53. Qd2 Qc7 54. Rd7 Re2) 53. Rf4 (53. Qd2 $1 $11 {remains equal.}) 53... Qe7 (53... h5 $17) 54. Qf2 Be6 ({Black should play} 54... h6 $17) 55. Qb2 Bf5 56. Qb8+ Kg7 57. Rc4 Rc5 58. Qb2+ Qe5 59. Qb7+ Kh6 60. Rf4 Rc1 61. Qf3 Rc2 (61... Re1 $17) 62. Ra4 $1 $15 Qc5 63. Rxa5 Qd4 (63... Qxa5 $5 64. Qe3+ $8 Kg7 65. Qe7+ Kg8 66. Qe8+ Kg7 67. Qe7+ $11) 64. Ra3 Be4 $2 (64... Kg7 $11) 65. Qf8+ {[%mdl 32768] Weighted Error Value: White=0.11 (very precise) /Black=0.24 (precise)  An unexpected result.  Loses game:     	---       	Black=1      Mistake:       	White=1     	Black=5      Inaccurate:     	White=9     	Black=4      OK:         	White=24    	Black=21     Best:        	White=2     	Black=1      Strong:       	White=2     	Black=1} 1/2-1/2

[Event "SixDays Budapest March IM A 2025"]
[Site "Budapest"]
[Date "2025.03.25"]
[Round "2.3"]
[White "Kustar, Sandor"]
[Black "Singh, Siddharth"]
[Result "0-1"]
[Annotator "TA"]
[ECO "A33"]
[WhiteElo "2231"]
[BlackElo "2239"]
[PlyCount "54"]
[EventDate "2025.03.23"]
[EventCountry "HUN"]
[SourceTitle "playchess.com"]
[Source "ChessBase"]
[SourceQuality "1"]
[TimeControl "5400+30"]

1. Nf3 c5 2. c4 Nf6 3. d4 cxd4 4. Nxd4 Nc6 5. Nc3 e6 6. a3 Bc5 7. Nb3 {[%emt 0:01:44] A33: Symmetrical English: 2 Nf3 Nf6 3 d4 cxd4 4 Nxd4 e6 5 Nc3 Nc6.} Bb6 $1 {[%emt 0:00:07][%mdl 4] outshines the older 7...Be7.} 8. c5 Bc7 9. Nb5 {[%emt 0:03:35] The position is equal.} O-O 10. Nxc7 Qxc7 11. Bg5 (11. g3 $11) 11... Ne4 $146 (11... Qe5 $17 12. Bxf6 Qxf6) (11... Qe5 12. Qc1 b6 13. Bf4 Qf5 14. f3 e5 15. Bg3 e4 16. Qc2 Re8 17. e3 Bb7 {0-1 Kacheishvili,G (2590)-Bruzon Batista,L (2652) Saint Louis Spring-A 2017 (8)}) 12. Be3 $11 Rd8 13. f3 Nf6 14. Bf2 d5 15. cxd6 Rxd6 16. Qc2 e5 17. Rc1 Be6 {[%emt 0:11:09] [#]} 18. Nc5 Nd4 19. Qc3 (19. Bxd4 $11 exd4 20. Nxe6 Qxc2 21. Rxc2 Rxe6 22. Kf2) 19... Rc6 $19 {[%emt 0:03:56] and ...Nd5 should not be overlooked White is weak on the light squares} 20. Bg3 Rc8 ({Don't play} 20... Nd5 21. Qxd4 exd4 22. Bxc7 Rxc7 23. b4 $19) 21. b4 b6 22. e3 {[%emt 0:01:19] [#]} Nb3 {[%emt 0:00:05][%mdl 512] A dynamic duo of knights.} 23. Rd1 (23. Bxe5 Qe7) 23... bxc5 {[%emt 0:01:40] Black is clearly winning.} 24. b5 {[%emt 0:00:05][%cal Og3e5] aiming for Bxe5!.} Rd6 25. Rxd6 Qxd6 26. Bxe5 Qd8 27. Bd3 c4 {[%emt 0:00:32] Weighted Error Value: White=0.48/Black=0.06 (flawless)   Loses game:     	White=1     	---        Mistake:       	White=1     	Black=1      Inaccurate:     	White=1     	---        OK:         	White=8     	Black=13     Best:        	White=1     	Black=2} 0-1

[Event "SixDays Budapest March IM A 2025"]
[Site "Budapest"]
[Date "2025.03.25"]
[Round "2.4"]
[White "Mrithyunjay Mahadevan"]
[Black "Li, Yilin"]
[Result "0-1"]
[Annotator "TA"]
[ECO "B53"]
[WhiteElo "2295"]
[BlackElo "1904"]
[PlyCount "60"]
[EventDate "2025.03.23"]
[EventCountry "HUN"]
[SourceTitle "playchess.com"]
[Source "ChessBase"]
[SourceQuality "1"]
[TimeControl "5400+30"]

1. e4 c5 2. Nf3 d6 3. d4 cxd4 4. Qxd4 Nc6 5. Qe3 g6 6. Be2 {[%emt 0:00:57] B53: Sicilian: 2...d6: Lines with Qxd4.} d5 $146 (6... Nf6 $11) (6... Bg7 7. O-O Nf6 8. h3 O-O 9. Rd1 Qb6 10. Qxb6 axb6 11. Nc3 Nb4 12. a3 Be6 {0-1 Abdusattorov,N (2716)-Vachier Lagrave,M (2727) Tata Steel India blitz 2023 (15)}) 7. exd5 $16 Qxd5 8. O-O {[%emt 0:06:20] White is better.} Bg7 9. Nc3 Qd8 (9... Qe6 $142) 10. Rd1 Bd7 11. Nb5 Kf8 12. Ng5 ({White should play} 12. Qb3) 12... h6 13. Ne4 {[%emt 0:02:41] A sharp opening} Qc8 14. c3 Nf6 15. Nxf6 (15. Nc5 $16) 15... Bxf6 $11 16. Qg3 a6 (16... Bf5 $11) 17. Nc7 $2 (17. Nd6 $1 $16 {[%cal Rd6c8] stays on course.} exd6 18. Qxd6+ Kg7 19. Qxd7) 17... Be5 $17 18. Bf4 Qxc7 19. Bxe5 (19. Rxd7 Qxd7 20. Bxe5) 19... Qxe5 $19 (19... Nxe5 20. Rxd7 Qxd7 21. Qxe5 $11) 20. Rxd7 {[%emt 0:01:39] [#] and Qxe5 would now be decisive} Qxe2 21. Rxb7 Kg7 22. h3 Rab8 23. Qc7 Rxb7 24. Qxb7 Ne5 25. Rf1 Rd8 26. f4 Nc4 27. Qxa6 Rd2 {[%emt 0:00:22][%csl Gd2][%cal Re2g2] [#]} 28. Qc6 Ne3 29. Rb1 Nxg2 30. Qc5 Nxf4 {[%emt 0:00:19] Weighted Error Value: White=0.79/Black=0.14 (very precise)   Mistake:       	White=4     	Black=3      Inaccurate:     	White=1     	---        OK:         	White=7     	Black=9      Best:        	White=1     	Black=2} (30... Rxb2 $2 31. Rxb2 Qxb2 32. Qd4+ Kh7 33. Qd5 $19) 0-1

[Event "SixDays Budapest March IM A 2025"]
[Site "Budapest"]
[Date "2025.03.25"]
[Round "2.5"]
[White "Karacsonyi, Bank"]
[Black "Heimisson, Hilmir Freyr"]
[Result "0-1"]
[Annotator "TA"]
[ECO "D02"]
[WhiteElo "2162"]
[BlackElo "2388"]
[PlyCount "64"]
[EventDate "2025.03.23"]
[EventCountry "HUN"]
[SourceTitle "playchess.com"]
[Source "ChessBase"]
[SourceQuality "1"]
[TimeControl "5400+30"]

1. d4 Nf6 2. Bf4 d5 3. Nf3 e6 4. e3 Bd6 5. Ne5 O-O 6. Nd2 c5 7. c3 {[%emt 0:02:23] D02: 1 d4 d5 2 Nf3 sidelines, including 2...Nf6 3 g3 and 2...Nf6 3 Bf4.} Qc7 8. Bd3 Nbd7 9. Ndf3 {[%emt 0:04:30] The position is equal.} Ne4 10. Qc2 Ndf6 11. g4 cxd4 $146 (11... c4 $15 12. Be2 b5) ({Predecessor:} 11... c4 12. Be2 Nd7 13. g5 b5 14. a3 a5 15. Rg1 Kh8 16. h4 Rb8 17. h5 f6 18. gxf6 Ndxf6 {1-0 Kamsky,G (2665)-Steinberg,N (2553) Titled Tuesday intern op 24th Nov blitz 2020 (9)}) 12. exd4 {[%emt 0:22:33] White sacrificed a pawn. A sharp opening} (12. cxd4 $11 Qxc2 13. Bxc2) 12... Nxg4 $17 13. Bxe4 dxe4 14. Qxe4 f6 15. Bg3 {[%emt 0:05:34][%mdl 8192] White does not recover from this.} (15. Nd3 $17 {might work better.} Bxf4 16. Qxf4 Qxf4 (16... e5 17. Qg3 $17) 17. Nxf4) 15... fxe5 $19 16. dxe5 Be7 17. Qxg4 Qc6 {[%emt 0:00:24][%cal Oh7h5] [#] ...h5! would now be deadly.} 18. O-O-O Qxf3 19. Qa4 a6 20. Rhe1 b5 21. Qb3 {[%emt 0:00:09] [#]} b4 $1 22. c4 Qxb3 23. axb3 Rf3 24. Kc2 Kf7 25. Rd4 Ra7 26. Ra1 Ke8 {[%emt 0:00:36] Black is clearly winning.} 27. Rad1 Rd7 28. Rxd7 Bxd7 29. Ra1 Bc8 30. h4 Bb7 31. Re1 Bc5 32. Re2 h5 {[%emt 0:00:05] Weighted Error Value: White=0.37/Black=0.05 (flawless)   Loses game:     	White=1     	---        Mistake:       	White=1     	Black=1      Inaccurate:     	White=2     	---        OK:         	White=2     	Black=14     Best:        	---       	Black=4} 0-1